 Dungeon Crawl Stone Soup version 0.19-a0-1468-ge013c26 (webtiles) character file.

154 Amnesiac the Slasher (level 5, 0/41 HPs)
             Began as a Human Monk on Sept 7, 2016.
             Slain by a phantom (8 damage)
             ... on level 4 of the Dungeon.
             The game lasted 00:02:30 (1509 turns).

Amnesiac the Slasher (Human Monk)                   Turns: 1509, Time: 00:02:31

Health: 0/41       AC:  6    Str: 11    XL:     5   Next: 63%
Magic:  5/5        EV: 11    Int: 11    God:
Gold:   69         SH:  0    Dex: 16    Spells: 0 memorised, 4 levels left

rFire  . . .     SeeInvis .     g - +0 long sword
rCold  . . .     Gourm    .     h - +0 ring mail
rNeg   . . .     Faith    .     (no shield)
rPois  .         Spirit   .     (no helmet)
rElec  .         Dismiss  .     f - +0 cloak
rCorr  .         Reflect  .     (no gloves)
MR     .....     Harm     .     (no boots)
Stlth  +.........               (no amulet)
                                (no ring)
                                (no ring)

@: lethally poisoned (0 -> -2)
A: no striking features
a: no special abilities


You were on level 4 of the Dungeon.
You were not hungry.

You visited 1 branch of the dungeon, and saw 4 of its levels.

You collected 69 gold pieces.

Inventory:

Hand Weapons
 a - a +0 falchion
 g - a +0 long sword (weapon)
Armour
 b - a +0 robe
 f - a +0 cloak (worn)
 h - a +0 ring mail (worn)
Scrolls
 d - a scroll of teleportation {unknown}
 i - a scroll of recharging {unknown}
 j - a scroll of noise {unknown}
 l - a scroll of enchant armour {unknown}
Potions
 e - a potion of haste {unknown}
Comestibles
 c - a bread ration
 k - 2 chunks of flesh


   Skills:
 - Level 3.0 Fighting
 + Level 5.9 Long Blades
 - Level 3.0 Dodging
 - Level 2.0 Stealth


You had 4 spell levels left.
You didn't know any spells.

Dungeon Overview and Level Annotations

Branches:
Dungeon (4/15)
 Temple: D:4-7

Altars:


Message History

* * * LOW HITPOINT WARNING * * *
Unknown command.
You hit the worker ant.
You kill the worker ant!
You feel sick.
Unknown command.
There is an open door here.
You see here a worker ant corpse.
You barely miss the phantom.
The phantom is severely damaged.
The phantom barely misses you.
You riposte.
You hit the phantom.
The phantom is almost destroyed.
You hit the phantom but do no damage.
The phantom is almost destroyed.
You feel sick.
The phantom blinks!
You swing at nothing.
You closely miss the phantom.
The phantom is almost destroyed.
The phantom blinks!
The phantom hits you!
You die...

#.# +.+ #. #.# #.#
##.##+ #.. ....
#.####.# #.#..'.+
#.#ยง.#.# ##
#.#@##.###
##..#####..W.......
#.#.#...#.#+##.####
#......#.#


+a+ #......#.# #.# #..>...#.####.# #............... #......#########
#........##.######. You could see a phantom.

Vanquished Creatures
  A scorpion (D:3)
  A worker ant (D:4)
  The ghost of Amnesiac the Slasher, a weakling HuMo (D:4)
  The ghost of Amnesiac the Slasher, a weakling HuMo of Gozag (D:3)
  An adder (D:3)
  An ooze (D:3)
  A worm (D:2)
  A dart slug (D:1)
  A giant gecko (D:4)
  3 ball pythons
  5 bats
  2 giant cockroaches
  A goblin (D:2)
  6 hobgoblins
  A giant newt (D:2)
  3 kobolds
  3 rats
33 creatures vanquished.

Notes
Turn   | Place    | Note
-------+----------+-------------------------------------------
     0 | D:1      | Amnesiac the Human Monk began the quest for the Orb.
     0 | D:1      | Reached XP level 1. HP: 18/18 MP: 1/1
    51 | D:1      | Reached XP level 2. HP: 22/24 MP: 2/2
   255 | D:4      | Noticed a scorpion
   257 | D:4      | Noticed Amnesiac's ghost (weakling HuMo)
   292 | D:3      | Noticed Amnesiac's ghost (weakling HuMo)
   420 | D:2      | Reached skill level 4 in Long Blades
   420 | D:2      | Reached XP level 3. HP: 19/29 MP: 3/3
   785 | D:3      | HP: 1/29 [Amnesiac's ghost (1)]
   786 | D:3      | Killed Amnesiac's ghost
   786 | D:3      | Reached XP level 4. HP: 2/35 MP: 4/4
  1168 | D:3      | Reached skill level 5 in Long Blades
  1168 | D:3      | Reached XP level 5. HP: 21/41 MP: 5/5
  1327 | D:4      | Killed Amnesiac's ghost
  1482 | D:4      | Noticed a phantom
  1509 | D:4      | Slain by a phantom

Vault maps used:
D:1:      minmay_arrival_doors, serial_bayou_pond_b
D:2:      minmay_cupped
D:3:      first_bread, uniq_grinder
D:4:      minmay_door_path, uniq_robin

Skill      XL: |  1  2  3  4 |
---------------+-------------+-----
Long Blades    | 4 5 |  5.9
Fighting       | |  3.0
Dodging        | |  3.0
Stealth        | |  2.0

Action                   |  1- 3 |  4- 6 || total
-------------------------+-------+-------++-------
Melee: Falchion          |    19 |       ||    19
       Long sword        |    81 |    63 ||   144
 Stab: Distracted        |     1 |       ||     1
       Sleeping          |       |     1 ||     1
  Eat: Chunk             |       |     2 ||     2
Armor: Robe              |     6 |       ||     6
       Ring mail         |     8 |     8 ||    16
Dodge: Dodged            |    49 |    26 ||    75
